 Dungeon Crawl Stone Soup version 0.29.1-4-g47bece8355 (webtiles) character file.

Game seed: 11039663629128191774

514 mortz the Conjurer (level 6, -2/50 HPs)
             Began as a Demigod Conjurer on Dec 2, 2022.
             Slain by an ogre
             ... wielding a +0 giant spiked club
              (21 damage)
             ... on level 4 of the Dungeon on Dec 3, 2022.
             The game lasted 00:29:02 (5509 turns).

mortz the Conjurer (Demigod Conjurer)               Turns: 5509, Time: 00:29:03

Health: -2/50      AC:  6    Str:  8    XL:     6   Next: 67%
Magic:  11/13      EV: 11    Int: 36    God:
Gold:   185        SH:  0    Dex: 12    Spells: 1/11 levels left

rFire   . . .      SeeInvis +   a - +2 quarterstaff (vorpal)
rCold   . . .      Faith    .   (shield currently unavailable)
rNeg    . . .      Spirit   .   v - +2 leather armour {rPois}
rPois   +          Reflect  .   (no helmet)
rElec   .          Harm     .   (no cloak)
rCorr   +          Rampage  .   (no gloves)
Will    .....                   h - +0 pair of boots
Stlth   ++........              y - amulet of Varerobe {RegenMP Contam Regen+ rCorr Int+8}
HPRegen 0.96/turn               i - ring of see invisible
MPRegen 0.53/turn               (no ring)

@: no status effects
A: high MP 1, forlorn, divine attributes
a: no special abilities


You were on level 4 of the Dungeon.
You visited 1 branch of the dungeon, and saw 5 of its levels.

You collected 185 gold pieces.

Inventory:

Hand Weapons
 a - a +2 vorpal quarterstaff (weapon)
 b - a +0 hand axe
 f - a +0 trident
 o - a +1 dagger of electrocution
 p - a +2 dagger of electrocution
 r - a +1 dagger of speed
 t - a +0 flail
 z - a +0 dagger of draining
Missiles
 s - 4 poisoned darts
 B - a throwing net
Armour
 e - a +0 chain mail
 h - a +0 pair of boots (worn)
 k - a +0 ring mail
 l - a +0 scale mail
 v - a +2 leather armour of poison resistance (worn)
 C - a +2 leather armour of cold resistance
Magical Staves
 m - a staff of earth
Jewellery
 i - a ring of see invisible (left hand)
 y - the amulet of Varerobe (around neck) {RegenMP Contam Regen+ rCorr Int+8}
   (You found it on level 4 of the Dungeon)

   [amulet of magic regeneration]

   It increases your rate of magic regeneration.
   Int:       It affects your intelligence (+8).
   Contam:    It causes magical contamination when unequipped.
   Regen:     It increases your rate of health regeneration.
   rCorr:     It protects you from acid and corrosion.
Wands
 u - a wand of charming (6)
Scrolls
 j - 2 scrolls of butterflies
 q - a scroll of poison
 w - 2 scrolls of identify
 x - 2 scrolls of blinking {unknown}
Potions
 c - a potion of heal wounds
 d - 4 potions of attraction
 g - a potion of curing
 n - 2 potions of magic
 A - a potion of mutation {unknown}
 D - a potion of might {unknown}


   Skills:
 + Level 2.4 Fighting
 + Level 1.5 Armour
 - Level 1.9 Dodging
 - Level 2.1 Stealth
 + Level 3.0 Spellcasting
 * Level 5.4 Conjurations
 + Level 0.8 Hexes
 * Level 2.0 Translocations


You had one spell level left.
You knew the following spells:

 Your Spells              Type           Power      Damage    Failure   Level
a - Magic Dart            Conj           100%       1d8       1%          1
b - Searing Ray           Conj           90%        2d7       1%          2
d - Dazzling Flash        Conj/Hex       56%        N/A       5%          3
I - Iskenderun's Mystic   Conj/Tloc      32%        2d8       14%         4

Your spell library contained the following spells:

 Spells                   Type           Power      Damage    Failure   Level
 Summon Small Mammal      Summ           20%        N/A       7%          1
 Summon Guardian Golem    Hex/Summ       8%         N/A       17%         3
 Fulminant Prism          Conj/Hex       14%        3d9       19%         4
 Call Canine Familiar     Summ           5%         N/A       21%         3


Dungeon Overview and Level Annotations

Branches:
Dungeon (5/15) Zot: 24480
 Temple: D:4-7

Annotations:
D:2 Sigmund
D:3 3 runed translucent doors, KittyFluff's ghost, amateur GrBe


Innate Abilities, Weirdness & Mutations

You have an increased reservoir of magic. (+10% MP)
You shall have no god before yourself.
Your divine heritage dramatically boosts your attributes as you level up.


Message History

There is a stone staircase leading down here.
There is an escape hatch in the ceiling here.
You see here a +0 hand axe.
You see here a +0 club.
Things that are here:
a +0 trident; a +0 leather armour; a +0 club You see here a +0 club.
You see here a +0 club.
Things that are here:
a +0 trident; a +0 leather armour You see here a +0 club.
Done exploring.
There is a stone staircase leading down here.
You climb downwards.
There is a stone staircase leading up here.
You climb upwards.
There is a stone staircase leading down here.
There is a stone staircase leading down here.
You climb downwards.
Found 8 gold pieces and a silver wand.
There is a stone staircase leading up here.
The helpless ogre fails to defend itself.
You sock the ogre!
The ogre is moderately wounded.
The black bear growls angrily.
You hear an angry hiss.
You hear a bark!
The ogre barely misses you.
The ogre hits you with a +0 giant spiked club!!
Ouch! That really hurt!
You climb upwards.
There is a stone staircase leading down here.
Casting: Magic Dart (safe; 1% risk of failure)
Confirm with . or Enter, or press ? or * to list all spells.
Aiming: Searing Ray (safe; 1% risk of failure)
Press: ? - help, Shift-Dir - straight line, f - ogre
Aim: an ogre, wielding a +0 giant spiked club (moderately wounded, 91% to hit)
The searing ray hits the ogre!
The ogre is heavily wounded. (Press . to maintain the ray.)
The ogre hits you with a +0 giant spiked club!!
You die...

##......## ##........##
#..........# #..........#
#..........#
#..........####
#.............#
##.......O#...#
#.........@...#
#.............#
#.....>.......######
#...........###....#
#..><......####....#
######.................#
##.............#####....#
##........#####.# ###.##
#.........# #.#######.#


You could see an ogre.

Vanquished Creatures
  Duvessa (D:4)
  An ogre (D:4)
  Dowan (D:4)
  An orc priest (D:4)
  Terence (D:2)
  An iguana (D:4)
  Ijyb (D:3)
  Robin (D:2)
  4 gnolls (D:2)
  3 adders
  A worm (D:4)
  A dart slug (D:1)
  4 orcs (D:4)
  9 ball pythons
  8 bats
  5 endoplasms
  2 giant cockroaches
  19 goblins
  11 hobgoblins
  3 kobolds
  2 quokkas
  3 frilled lizards
  2 rats
85 creatures vanquished.

Notes
Turn   | Place    | Note
-------+----------+-------------------------------------------
     0 | D:1      | mortz the Demigod Conjurer began the quest for the Orb.
     0 | D:1      | Reached XP level 1. HP: 14/14 MP: 5/5
   212 | D:1      | Reached XP level 2. HP: 20/20 MP: 0/7
   285 | D:1      | Learned a level 2 spell: Searing Ray
   686 | D:1      | Reached skill level 4 in Conjurations
   976 | D:1      | Reached XP level 3. HP: 27/27 MP: 5/8
  1307 | D:2      | Noticed Sigmund
  1450 | D:2      | You fall into a shaft and drop 2 floors!
  1480 | D:2      | Noticed Terence
  1494 | D:2      | Killed Terence
  1495 | D:2      | Reached skill level 1 in Fighting
  1711 | D:2      | Noticed Robin
  1778 | D:2      | Killed Robin
  1779 | D:2      | Reached XP level 4. HP: 35/35 MP: 2/10
  2940 | D:3      | Found a runed translucent gate.
  2940 | D:3      | Found a runed translucent gate.
  2940 | D:3      | Found a runed translucent gate.
  2943 | D:3      | Noticed an ogre
  2944 | D:3      | Noticed KittyFluff's ghost (amateur GrBe)
  3204 | D:3      | Noticed Ijyb
  3219 | D:3      | Killed Ijyb
  3220 | D:3      | Reached XP level 5. HP: 27/41 MP: 4/11
  4080 | D:4      | Noticed Duvessa
  4125 | D:3      | Learned a level 4 spell: Iskenderun's Mystic Blast
  4245 | D:4      | Reached skill level 5 in Conjurations
  4409 | D:4      | Reached skill level 1 in Translocations
  4494 | D:4      | Noticed Dowan
  4635 | D:4      | Noticed an ogre
  4648 | D:4      | Killed an ogre
  4649 | D:4      | Reached skill level 1 in Armour
  4649 | D:4      | Reached XP level 6. HP: 5/48 MP: 4/13
  4928 | D:4      | Identified the amulet of Varerobe {RegenMP Contam Regen+
                  | rCorr Int+8}
  4939 | D:4      | Learned a level 3 spell: Dazzling Flash
  5198 | D:4      | Killed Duvessa
  5206 | D:4      | Killed Dowan
  5494 | D:5      | Entered Level 5 of the Dungeon
  5509 | D:4      | Slain by an ogre

Illustrated notes

Levels and vault maps discovered:
D:1:      tarquinn_simple_flora_water_a, layout_basic,
          hellmonk_ecumenical_altar_heavens_door
D:2:      layout_basic, uniq_robin, uniq_sigmund, uniq_terence
D:3:      layout_basic, nemelex_spade_bored_becter, ebering_ghost_gozag,
          uniq_ijyb
D:4:      layout_rooms, uniq_duvessa
D:5:      layout_basic, minmay_misc_feat_hallway, kennysheep_generic_room_15,
          uniq_grinder, uniq_prince_ribbit1

Skill      XL: |  1  2  3  4  5  6 |
---------------+-------------------+-----
Stealth        | 2 |  2.1
Spellcasting   | 2 3 |  3.0
Conjurations   | 4 5 |  5.4
Fighting       | 1 2 |  2.4
Translocations | 1 2 |  2.0
Armour         | 1 |  1.5
Dodging        | |  1.9
Hexes          | |  0.8

Action                   |  1- 3 |  4- 6 || total
-------------------------+-------+-------++-------
Melee: Dagger            |     3 |       ||     3
       Quarterstaff      |       |     4 ||     4
 Cast: Magic Dart        |    58 |    44 ||   102
       Searing Ray       |    10 |    27 ||    37
  Use: Scroll            |     6 |     4 ||    10
 Stab: Sleeping          |       |     1 ||     1
Armor: Robe              |     3 |       ||     3
       Leather armour    |       |     5 ||     5
Dodge: Dodged            |     5 |    17 ||    22
